 Dungeon Crawl Stone Soup version 0.26-a0-651-gb41185065b (webtiles) character file.

Game seed: 8353735581085267792

247 Lanoc the Charlatan (level 6, -1/47 HPs)
             Began as a Barachi Artificer on Oct 28, 2020.
             Killed from afar by a white imp (7 damage)
             ... with a puff of frost
             ... on level 5 of the Dungeon.
             The game lasted 00:03:47 (3248 turns).

Lanoc the Charlatan (Barachi Artificer)             Turns: 3248, Time: 00:03:47

Health: -1/47      AC:  4    Str: 13    XL:     6   Next: 11%
Magic:  0/6        EV: 12    Int: 16    God:
Gold:   182        SH:  0    Dex: 14    Spells: 5/5 levels left

rFire    + . .     SeeInvis .   x - +5 dagger "Wecw" {flame, *Rage rF+ Int+4}
rCold    . . .     Faith    .   (no shield)
rNeg     . . .     Spirit   +   b - +0 leather armour
rPois    +         Reflect  .   q - +0 helmet
rElec    .         Harm     .   (no cloak)
rCorr    .         Rampage  .   (no gloves)
MR       .....     Rnd*Rage +   (no boots) Stlth +.........Rnd*Tele +
                                f - amulet of guardian spirit
HPRegen  0.15/turn              o - ring of teleportation (curse)
MPRegen  0.10/turn              w - ring of poison resistance

@: heavily drained, slow
A: +LOS, swims, slowness 1, strong legs 1
a: Hop


You were on level 5 of the Dungeon.
You visited 1 branch of the dungeon, and saw 5 of its levels.

You collected 182 gold pieces.

Inventory:

Hand Weapons
 x - the +5 dagger "Wecw" (weapon) {flame, *Rage rF+ Int+4}
   (You found it on level 4 of the Dungeon)

   It has been specially enchanted to burn those struck by it, causing extra
   injury to most foes and up to half again as much damage against particularly
   susceptible opponents.
   It affects your intelligence (+4).
   It protects you from fire.
   It may make you go berserk in combat.
Armour
 b - a +0 leather armour (worn)
 q - a +0 helmet (worn)
Jewellery
 f - an amulet of guardian spirit (around neck)
 o - a cursed ring of teleportation (left hand)
 w - a ring of poison resistance (right hand)
Wands
 c - a wand of flame (8)
 d - a wand of enslavement (15)
 e - a wand of random effects (7)
Scrolls
 g - a scroll of fear {unknown}
 k - 2 scrolls of enchant armour {unknown}
 l - 3 scrolls of identify {unknown}
 n - 2 scrolls of remove curse {unknown}
 r - a scroll of amnesia {unknown}
 t - 2 scrolls of teleportation {unknown}
 v - a scroll of random uselessness {unknown}
Potions
 m - a potion of brilliance
 p - a potion of flight {unknown}
 s - a potion of heal wounds {unknown}
 u - a potion of mutation {unknown}


   Skills:
 + Level 3.2(2.0) Fighting
 + Level 3.9(2.7) Armour
 + Level 2.9(1.7) Dodging
 - Level 0.8(0.0) Stealth
 * Level 5.3(4.0) Evocations


You had 5 spell levels left.
You didn't know any spells.
Your spell library was empty.

Dungeon Overview and Level Annotations

Branches:
Dungeon (5/15)
 Temple: D:4-7

Altars:
Nemelex Xobeh
Okawaru
Sif Muna


Innate Abilities, Weirdness & Mutations

You can be seen from farther away. (+LOS)
You can swim through water.
You cover ground slowly.
You can hop short distances.


Message History

The orc is almost dead.
The orc misses you.
You hit the orc. You burn the orc.
You kill the orc!
You hit the white imp. You burn the white imp.
The white imp is moderately wounded.
The white imp gestures at you. The puff of frost hits you!
* * * LOW HITPOINT WARNING * * *
You hit the white imp. You burn the white imp.
The white imp is severely wounded.
The white imp hits you.
* * * LOW HITPOINT WARNING * * *
The white imp freezes you.
* * * LOW HITPOINT WARNING * * *
You barely miss the white imp.
The white imp is severely wounded.
The white imp gestures at you. The puff of frost hits you!
You die...

......##...##...#....#
......#######...'....#
....... #...##..##
.##...# #...##..## .
##### #....#...#
#....+o..# ######...#
##...##...#
#....@5o..#
#....##o.##
#....##..##..
#........†...#
##...##......#
##...##..##..#
#<...##..# ..#
#.....+... ..#
#.....#..# ##


You could see a white imp and 2 orcs.

Vanquished Creatures
  An ogre (D:4)
  2 orc wizards (D:4)
  3 adders
  An ooze (D:4)
  A worm (D:3)
  2 dart slugs (D:2)
  4 leopard geckos
  10 orcs
  4 giant cockroaches
  2 goblins (D:3)
  5 hobgoblins
  6 jackals
  A ball python (D:3)
  5 bats
  5 frilled lizards
  4 kobolds (D:1)
  4 rats
60 creatures vanquished.

Notes
Turn   | Place    | Note
-------+----------+-------------------------------------------
     0 | D:1      | Lanoc the Barachi Artificer began the quest for the Orb.
     0 | D:1      | Reached XP level 1. HP: 15/15 MP: 1/1
   379 | D:1      | Reached XP level 2. HP: 20/21 MP: 2/2
   402 | D:1      | Found an iron altar of Okawaru.
   782 | D:2      | Reached XP level 3. HP: 12/27 MP: 1/3
  1055 | D:3      | Reached skill level 4 in Evocations
  1262 | D:3      | Reached XP level 4. HP: 16/33 MP: 4/4
  2094 | D:4      | Noticed an ogre
  2104 | D:4      | Killed an ogre
  2104 | D:4      | Reached XP level 5. HP: 19/40 MP: 2/5
  2293 | D:4      | Found a shimmering blue altar of Sif Muna.
  2303 | D:4      | Found a sparkling altar of Nemelex Xobeh.
  2466 | D:4      | Reached skill level 5 in Evocations
  2660 | D:4      | Got a pitted dagger
  2660 | D:4      | Identified the +5 dagger "Wecw" {flame, *Rage rF+ Int+4}
                  | (You found it on level 4 of the Dungeon)
  2683 | D:4      | Reached XP level 6. HP: 13/47 MP: 4/6
  3176 | D:5      | Entered Level 5 of the Dungeon
  3248 | D:5      | Killed from afar by a white imp

Illustrated notes

Levels and vault maps discovered:
D:1:      dpeg_arrival_oval, layout_rooms, nrook_uturn,
          okawaru_ov_weapons_minmay
D:2:      layout_loops_corners, serial_glass, glass_columns_a, glass_columns_a
D:3:      layout_rooms
D:4:      layout_loops_ring, amethyst_overflow_temple_binary
D:5:      layout_gridville, kennysheep_mini_moat, uniq_eustachio

Skill      XL: |  1  2  3  4  5 |
---------------+----------------+-----
Fighting       | 2 3 |  3.2
Evocations     | 4 5 |  5.3
Armour         | 3 |  3.9
Dodging        | 2 |  2.9
Stealth        | |  0.8

Action                   |  1- 3 |  4- 6 || total
-------------------------+-------+-------++-------
Melee: Club              |    55 |       ||    55
       Falchion          |    72 |    64 ||   136
       Dagger            |       |    37 ||    37
Evoke: Wand              |     6 |     9 ||    15
  Use: Potion            |       |     4 ||     4
 Stab: Sleeping          |       |     2 ||     2
       Paralysed         |       |     1 ||     1
Armor: Leather armour    |    55 |    24 ||    79
Dodge: Dodged            |   121 |    78 ||   199
       Rpst.: Falchion   |    22 |    21 ||    43

Table legend: (Time is in decaauts)
 A = Elapsed time spent in this place.
 B = Non-inter-level travel time spent in this place.
 C = Inter-level travel time spent in this place.
 D = Time resting spent in this place.
 E = Time spent auto-exploring this place.
 F = Levels seen in this place.
 G = Mean time per level.
                   A        B        C        D        E       F      G
               +--------+--------+--------+--------+--------+-----+--------+
         Total |   3559 |   3526 |     33 |    176 |   2744 |   5 |  711.8 |
       Dungeon |   3559 |   3526 |     33 |    176 |   2744 |   5 |  711.8 |
               +--------+--------+--------+--------+--------+-----+--------+

Top non-repeatable levels by time:
     D:4: 1274 daAuts
     D:3: 1141 daAuts
     D:1: 753 daAuts
     D:2: 307 daAuts
     D:5: 82 daAuts
